 Dungeon Crawl Stone Soup version 0.31.0-12-g77e489cdc1 (webtiles) character file.

Game seed: 5329007558561823388

42 KennySheep the Chopper (level 3, -2/33 HPs)
             Began as a Hill Orc Monk on Mar 3, 2024.
             Slain by an adder (4 damage)
             ... on level 2 of the Dungeon.
             The game lasted 00:02:28 (950 turns).

KennySheep the Chopper (Hill Orc Monk)               Turns: 950, Time: 00:02:29

Health: -2/33      AC:  2    Str: 15    XL:     3   Next: 54%
Magic:  3/3        EV: 12    Int: 10    God:
Gold:   80         SH:  0    Dex: 13    Spells: 2/2 levels left

rFire   . . .        a - +0 hand axe
rCold   . . .        d - orb {light}
rNeg    . . .        b - +0 robe
rPois   .            (no helmet)
rElec   .            (no cloak)
rCorr   .            (no gloves)
SInv    .            (no boots)
Will    .....        i - amulet of regeneration
Stlth   +            (no ring)
HPRegen 1.05/turn    (no ring)
MPRegen 0.08/turn

%: no passive effects
@: brilliant, lethally poisoned (-2 -> -3), glowing
A: no striking features
a: no special abilities


You were on level 2 of the Dungeon.
You visited 1 branch of the dungeon, and saw 3 of its levels.

You collected 80 gold pieces.

Inventory:

Hand Weapons
 a - a +0 hand axe (weapon)
Armour
 b - a +0 robe (worn)
 d - an orb of light (worn)
Jewellery
 i - an amulet of regeneration (around neck)
 k - the amulet of Xumai {+Blink rC+ Will+ Regen+}
   (You found it on level 2 of the Dungeon)

   [amulet of regeneration]

   rC+:       It protects you from cold.
   Will+:     It increases your willpower.
   +Blink:    It lets you blink.
   Regen+:    It increases your rate of health regeneration.
Scrolls
 e - 6 scrolls of identify {unknown}
 f - a scroll of blinking {unknown}
 h - a scroll of brand weapon {unknown}
 j - a scroll of immolation {unknown}
 l - a scroll of amnesia {unknown}
 n - a scroll of revelation {unknown}
Potions
 c - a potion of ambrosia


   Skills:
 + Level 4.1 Fighting
 * Level 5.1 Axes
 + Level 1.3 Armour
 - Level 2.4 Dodging


You had 2 spell levels left.
You didn't know any spells.
Your spell library contained the following spells:

 Spells                   Type           Power      Damage    Failure   Level
 Apportation              Tloc           0%         N/A       36%         1
 Necrotise                Necr           0%         1d4       36%         1
 Sting                    Conj/Alch      0%         1d3       36%         1
 Summon Small Mammal      Summ           0%         N/A       36%         1
 Mercury Vapours          Alch/Air       0%         N/A       50%         2
 Olgreb's Toxic Radiance  Alch           0%         N/A       98%         4


Dungeon Overview and Level Annotations

Branches:
Dungeon (3/15)

Altars:

Shops:
D:3 :

Annotations:
D:2 1 runed translucent door, Crazy Yiuf


Message History

You closely miss the adder.
You feel sick. The adder bites you.
* * * LOW HITPOINT WARNING * * *
You are more poisoned.
The adder poisons you! The adder bites you.
* * * LOW HITPOINT WARNING * * *
You hit the adder.
The adder is heavily wounded.
You closely miss the adder.
* * * LOW HITPOINT WARNING * * *
You feel very sick. The adder bites you.
* * * LOW HITPOINT WARNING * * *
The adder bites you.
* * * LOW HITPOINT WARNING * * *
It was a potion of curing.
You feel better. The adder bites you.
You are poisoned.
The adder poisons you! The adder barely misses you. The adder bites you.
* * * LOW HITPOINT WARNING * * *
It was a potion of brilliance.
You feel clever all of a sudden.
You feel sick. The adder bites you.
* * * LOW HITPOINT WARNING * * *
You are more poisoned.
The adder poisons you! The adder barely misses you. The adder misses you.
You feel sick.
You barely miss the adder.
The adder is heavily wounded.
You closely miss the adder.
You feel sick. The adder misses you. The adder barely misses you.
The adder completely misses you.
You hit the adder but do no damage.
The adder is heavily wounded.
You closely miss the adder.
You feel sick. The adder bites you but does no damage. The adder misses you.
The adder closely misses you.
You barely miss the adder.
The adder is heavily wounded.
You hit the adder.
You feel sick. The adder bites you.
* * * LOW HITPOINT WARNING * * *
The adder bites you.
You die...

...##..####............# ##
#...##..# ####>........# #####.
..#..##.######.........#####.....
.###..............>...........).#
## ##.......##....###############
#.........#....#
#.......÷÷####.##♣♣♣♣♣
#.........####S....♣.♣♣♣ ###
#.........##.@So....♣..♣#...#
#.........#........♣♣♣♣.+...#
##..........##....♣♣ ♣♣#..)#
#.........#######♣♣ ###
#<........####.# #..............#
#..........##### #####
#.........## #...# #####.......##
########.#


You could see 2 adders and an orc.

Vanquished Creatures
  2 ribbon worms (D:2)
  4 ball pythons
  2 giant cockroaches (D:2)
  4 goblins
  3 hobgoblins
  3 jackals (D:1)
  2 kobolds
  3 quokkas
  5 bats
  2 frilled lizards
  4 rats
34 creatures vanquished.

Notes
Turn   | Place    | Note
-------+----------+-------------------------------------------
     0 | D:1      | KennySheep the Hill Orc Monk began the quest for the Orb.
     0 | D:1      | Reached XP level 1. HP: 19/19 MP: 1/1
    74 | D:1      | Reached XP level 2. HP: 24/27 MP: 2/2
   226 | D:1      | Reached skill level 1 in Armour
   381 | D:1      | You fall into a shaft and drop 1 floor!
   484 | D:2      | Reached XP level 3. HP: 33/33 MP: 3/3
   520 | D:2      | Identified the amulet of Xumai {+Blink rC+ Will+ Regen+}
   624 | D:2      | Found a runed translucent door.
   625 | D:2      | Noticed Crazy Yiuf
   657 | D:2      | Reached skill level 5 in Axes
   928 | D:3      | Found Apso's Book Emporium.
   944 | D:2      | HP: 1/33 [adder (1)]
   950 | D:2      | Slain by an adder

Illustrated notes

Levels and vault maps discovered:
D:1:      eino_arrival_tree_alley, layout_basic, nrook_uturn,
          serial_bayou_pond_a
D:2:      layout_rooms, uniq_crazy_yiuf_cottage
D:3:      layout_rooms, overflow_temple_1_default,
          dreamdust_ecumenical_altar_angels_and_demons, serial_shops,
          nicolae_shop_tiny_glass, minmay_misc_feat_encased

Skill      XL: |  1  2  3 |
---------------+----------+-----
Armour         | 1 |  1.3
Fighting       | 4 |  4.1
Axes           | 5 |  5.1
Dodging        | |  2.4

Action                     || total
---------------------------++-------
  Melee: Hand axe          ||   115
    Use: Potion            ||     2
 Armour: Robe              ||    77
  Dodge: Dodged            ||    81
